 Dungeon Crawl Stone Soup version 0.28.0-45-g0d030f2227 (webtiles) character file.

Game seed: 2322049426241502649

94 Bruhh the Magician (level 4, -1/31 HPs)
             Began as a Djinni Fire Elementalist on Apr 24, 2022.
             Hit by a goblin thrown by Robin (3 damage)
             ... on level 2 of the Dungeon.
             The game lasted 00:05:16 (2605 turns).

Bruhh the Magician (Djinni Fire Elementalist)       Turns: 2605, Time: 00:05:17

Health: -1/31      AC:  2    Str:  7    XL:     4   Next: 94%
Gold:   101        EV: 13    Int: 18    God:
                   SH:  0    Dex: 20

rFire   + + .      SeeInvis .   (no weapon)
rCold   x . .      Faith    .   (no shield)
rNeg    . . .      Spirit   .   a - +0 robe
rPois   ∞          Reflect  .   (no helmet)
rElec   .          Harm     .   (no cloak)
rCorr   .          Rampage  .   (no gloves)
Will    .....                   (boots unavailable)
Stlth   ++........              (no amulet)
HPRegen 0.10/turn               f - +6 ring of dexterity
MPRegen 0.00/turn               (no ring)

@: flying, very slightly contaminated
A: sickness immunity, fire resistance 2, cold vulnerability 1, float, innate
caster, HP casting, extra vitality 1
a: no special abilities


You were on level 2 of the Dungeon.
You visited 1 branch of the dungeon, and saw 2 of its levels.

You collected 101 gold pieces.

Inventory:

Armour
 a - a +0 robe (worn)
 e - a scarf of harm
Jewellery
 f - a +6 ring of dexterity (left hand)
 g - a +4 ring of evasion
Scrolls
 b - a scroll of noise {unknown}
 h - a scroll of fear {unknown}
 i - a scroll of brand weapon {unknown}
 l - a scroll of enchant weapon {unknown}
Potions
 c - 2 potions of resistance {unknown}
 d - a potion of degeneration {unknown}
 j - a potion of berserk rage {unknown}
 k - a potion of magic {unknown}


   Skills:
 - Level 2.1 Dodging
 - Level 1.5 Stealth
 + Level 4.1 Spellcasting


You couldn't memorise any spells.
You knew the following spells:

 Your Spells              Type           Power      Damage    Failure   Level
a - Foxfire               Conj/Fire      72%        2x1d7     2%          1
b - Scorch                Fire           36%        2d6       4%          2
c - Conjure Flame         Conj/Fire      18%        6-21      9%          3
d - Inner Flame           Hex/Fire       18%        N/A       9%          3
e - Flame Wave            Conj/Fire      18%        2d6       26%         4
f - Animate Skeleton      Necr           36%        N/A       2%          1
Your spell library was empty.

Dungeon Overview and Level Annotations

Branches:
Dungeon (2/15)

Altars:

Annotations:
D:2 Robin


Innate Abilities, Weirdness & Mutations

You are immune to sickness and miasma.
You are immune to poison.
Your flesh is very heat resistant. (rF++)
You are vulnerable to cold. (rC-)
You float through the air rather than walking.
You learn spells naturally, not from books.
Your magical power is your life essence.
You have superior vitality. (+4 MHP)


Message History

Okay, then.
What are your orders? t - Shout!
Orders for allies: a - Attack new target. p - Attack previous target. r - Retreat! s - Stop attacking. g - Guard the area. f - Follow me.
Anything else - Cancel.
Okay, then.
Sorry, you're not good enough to have a special ability.
Casting: Inner Flame (quite dangerous; 9% risk of failure)
Confirm with . or Enter, or press ? or * to list all spells.
The spell is quite dangerous to miscast (9% risk of failure)!
Continue anyway?
Aiming: Inner Flame (quite dangerous; 9% risk of failure)
Press: ? - help, Dir - move target, f - goblin, p - goblin
Aim: a goblin, wielding a +0 hunting sling and quivering stones (chance to affect: 85%)
The goblin barely resists.
Robin shouts!
The goblin shouts!
The goblin shoots a stone.
The stone hits you.
Robin roars a battlecry!
The goblins go into a battle-frenzy!
The goblin shoots a stone.
The stone barely misses you.
Casting: Inner Flame (quite dangerous; 9% risk of failure)
Confirm with . or Enter, or press ? or * to list all spells.
The spell is extremely dangerous to miscast (26% risk of failure)!
Continue anyway?
Uppercase [Y]es or [N]o only, please.
The spell is extremely dangerous to miscast (26% risk of failure)!
Continue anyway?
Uppercase [Y]es or [N]o only, please.
The spell is extremely dangerous to miscast (26% risk of failure)!
Continue anyway?
Casting: Flame Wave (extremely dangerous; 26% risk of failure)
Press: ? - help, Dir - look around, f - activate You miscast Flame Wave.
You are very lightly contaminated with residual magic.
You are blasted with fire.
You resist.
* * * LOW HITPOINT WARNING * * *
x2
There are monsters nearby!
There are monsters nearby!
Robin throws the goblin at you!
* * * LOW HITPOINT WARNING * * *
Robin throws the goblin at you!
You die...

........#......#.......####..≈≈≈≈
##.#......#...###.####......#♣#.P
##......###.#.###.#########.#####
##.......##.#^##......... #..####
..........................#......
....#.....#......#........#.##...
..)...........##..........#.##...
..###..)...##..g#........ #.##...
..######........@g.....## #.##...
#..#####..###....g.#...# #.#....
#......<.######..g.g#..####.#....
#.###.##.........g.g.............
#.##..........#..._g.g..###......
#.#..........##....g....# ##..##.
#>............#.......g..###.# ##
#.............#............#.# #
#.............#..............###


You could see Robin, 2 hobgoblins and 8 goblins.

Vanquished Creatures
  4 gnolls (D:2)
  2 adders (D:2)
  3 worms (D:2)
  A dart slug (D:2)
  3 bats (D:1)
  4 endoplasms
  A giant cockroach (D:2)
  A goblin (D:1)
  3 hobgoblins
  A quokka (D:2)
  A frilled lizard (D:2)
  3 kobolds
  4 rats (D:1)
31 creatures vanquished.

Vanquished Creatures (collateral kills)
  A rat (D:2)
1 creature vanquished.

Vanquished Creatures (others)
  35 foxfires
  A plant (D:2)
36 creatures vanquished.

Grand Total: 68 creatures vanquished

Notes
Turn   | Place    | Note
-------+----------+-------------------------------------------
     0 | D:1      | Bruhh the Djinni Fire Elementalist began the quest for the
                  | Orb.
     0 | D:1      | Reached XP level 1. HP: 15/15 MP: 0/0
   273 | D:1      | Reached XP level 2. HP: 7/21 MP: 0/0
   957 | D:2      | Reached skill level 3 in Spellcasting
  1029 | D:2      | Noticed Robin
  1499 | D:2      | Reached XP level 3. HP: 13/25 MP: 0/0
  1499 | D:2      | Learned a level 1 spell: Animate Skeleton
  1898 | D:2      | Reached XP level 4. HP: 10/31 MP: 0/0
  2306 | D:2      | Reached skill level 4 in Spellcasting
  2415 | D:2      | Found a faded altar of an unknown god.
  2605 | D:2      | Hit by a goblin thrown by Robin

Illustrated notes

Levels and vault maps discovered:
D:1:      co_arrival_hall_of_pillars, layout_rooms, interstate_on_off
D:2:      layout_rooms, basic_ecumenical_altar, serial_bayou_pond_b,
          cheibrodos_gnoll_hut, uniq_robin

Skill      XL: |  1  2  3  4 |
---------------+-------------+-----
Spellcasting   | 3 4 |  4.1
Dodging        | |  2.1
Stealth        | |  1.5

Action                   |  1- 3 |  4- 6 || total
-------------------------+-------+-------++-------
Melee: Unarmed           |    17 |       ||    17
 Cast: Foxfire           |    24 |       ||    24
       Scorch            |    18 |    15 ||    33
       Animate Skeleton  |     4 |       ||     4
       Conjure Flame     |     1 |       ||     1
       Inner Flame       |       |     2 ||     2
Armor: Robe              |     7 |       ||     7
Dodge: Dodged            |    22 |     6 ||    28
